 Dungeon Crawl Stone Soup version 0.31-a0-176-g91f28db67f (webtiles) character file.

Game seed: 1473598930777005664

121 qw the Chopper (level 5, -4/32 HPs)
             Began as a Gargoyle Fighter on June 17, 2023.
             Slain by a gnoll bouda
             ... wielding a +0 club
              (5 damage)
             ... on level 3 of the Dungeon.
             The game lasted 00:00:50 (1591 turns).

qw the Chopper (Gargoyle Fighter)                   Turns: 1591, Time: 00:00:51

Health: -4/32      AC: 14    Str: 21 (22) XL:     5   Next: 5%
Magic:  5/5        EV:  9    Int:  8      God:
Gold:   172        SH:  4    Dex:  9      Spells: 4/4 levels left

rFire   . . .        j - +0 war axe (vamp)
rCold   . . .        c - +0 buckler
rNeg    + . .        b - +0 scale mail
rPois   inf          (no helmet)
rElec   +            (no cloak)
rCorr   .            (no gloves)
SInv    +            f - +2 pair of boots
Will    .....        (no amulet) Stlth
                     e - ring of see invisible
HPRegen 0.25/turn    (no ring)
MPRegen 0.09/turn

%: no passive effects
@: weakened
A: sickness immunity, AC +4, negative energy resistance 1, electricity
resistance, torment resistance 1, petrification resistance
a: no special abilities


You were on level 3 of the Dungeon.
You visited 1 branch of the dungeon, and saw 3 of its levels.

You collected 172 gold pieces.


Innate Abilities, Weirdness & Mutations

You are immune to sickness and miasma.
Your stone body is resilient. (AC +4)
You are immune to poison.
You resist negative energy. (rN+)
You are resistant to electric shocks. (rElec)
You are resistant to unholy torment.
You are immune to petrification.


   Skills:
 - Level 3.2 Fighting
 + Level 4.6 Axes
 - Level 3.2 Armour
 - Level 3.2 Shields


You had 4 spell levels left.
You didn't know any spells.
Your spell library was empty.

Inventory:

Hand Weapons
 i - a +0 hand axe
 j - a +0 vampiric war axe (weapon)
 k - a +0 mace
Armour
 b - a +0 scale mail (worn)
 c - a +0 buckler (worn)
 f - a +2 pair of boots (worn)
Jewellery
 e - a ring of see invisible (left hand)
Scrolls
 a - a scroll of brand weapon
Potions
 d - a potion of might
 g - a potion of berserk rage {unknown}
 h - a potion of curing
 l - a potion of enlightenment {unknown}

Dungeon Overview and Level Annotations

Branches:
Dungeon (3/15)

Altars:

Shops:
D:1 (


Message History

You hit the gnoll bouda but do no damage.
The gnoll bouda hits you with a +0 club.
You feel your strength returning.
You have reached level 5!
The gnoll shouts!
You hit the gnoll bouda.
You feel better.
The gnoll bouda is moderately wounded.
The gnoll bouda hits you with a +0 club!
You barely miss the gnoll bouda.
The gnoll bouda is moderately wounded.
The gnoll bouda gazes fiercely through you!
You feel your attacks grow feeble.
The gnoll bouda hits you but does no damage.
The gnoll misses you.
The gnoll bouda hits you but does no damage.
You barely miss the gnoll bouda.
The gnoll bouda is moderately wounded.
You closely miss the gnoll. The gnoll hits you but does no damage.
The gnoll bouda hits you with a +0 club.
You closely miss the gnoll bouda.
The gnoll bouda is moderately wounded.
You completely miss the gnoll. The gnoll hits you but does no damage.
The gnoll bouda hits you but does no damage.
The gnoll barely misses you.
You slash the gnoll bouda!
The gnoll bouda is severely wounded.
You hit the gnoll.
You feel better.
The gnoll bouda hits you with a +0 club!
You block the gnoll's attack.
The gnoll bouda gazes fiercely through you!
You feel as though you will be weak longer.
The gnoll bouda hits you with a +0 club!
You hit the gnoll bouda but do no damage.
The gnoll bouda is severely wounded.
You hit the gnoll. The gnoll hits you but does no damage.
The gnoll bouda hits you with a +0 club.
You die...

## ### . .#... ..
## .#.# ... #.
...
....#.####.###.##
........@<.......
.......#gg####...
..#..?.).......
#....)..##...
#..#........g
####.##..... ..#
...... ####
...... ....##


You could see a gnoll bouda and a gnoll (swift).

Vanquished Creatures
  Terence (D:2)
  An adder (D:2)
  4 gnolls (D:3)
  A worm (D:2)
  4 ball pythons
  3 bats (D:1)
  5 endoplasms
  3 giant cockroaches
  3 goblins (D:1)
  4 hobgoblins (D:1)
  16 frilled lizards
  2 kobolds (D:2)
  3 rats
50 creatures vanquished.

Notes
Turn   | Place    | Note
-------+----------+-------------------------------------------
     0 | D:1      | qw the Gargoyle Fighter began the quest for the Orb.
     0 | D:1      | Reached XP level 1. HP: 14/14 MP: 1/1
     0 | D:1      | 0 ||| qw: Version: 0.3-a-5-g6f28e65
     0 | D:1      | 0 ||| qw: Game counter: 485
     0 | D:1      | 0 ||| qw: Always use a shield: true
     0 | D:1      | 0 ||| qw: God list: Okawaru
     0 | D:1      | 0 ||| qw: Allow faded altars: false
     0 | D:1      | 0 ||| qw: Do Orc after D:15 true
     0 | D:1      | 0 ||| qw: Do second Lair branch before Depths: true
     0 | D:1      | 0 ||| qw: Lair rune preference: random
     0 | D:1      | 0 ||| qw: Plans: Normal, Zot:1-4, Slime:5, God:TSO, Crypt,
                  | Tomb, Abyss, Pan, Hells, Win
     0 | D:1      | 0 ||| PLANNING D:1-11
    33 | D:1      | Reached skill level 2 in Axes
    48 | D:1      | Reached XP level 2. HP: 19/19 MP: 2/2
   195 | D:1      | Found a faded altar of an unknown god.
   260 | D:1      | Found Rovofil's Antique Weapon Shoppe.
   266 | D:1      | 266 ||| SHOPLISTING glowing flail (143 gold, have 11).
   379 | D:1      | Reached skill level 3 in Axes
   441 | D:1      | Reached XP level 3. HP: 23/23 MP: 3/3
   841 | D:1      | 841 ||| UPGRADING to +2 pair of boots.
   846 | D:1      | 846 ||| READING scroll labelled HUUBAE ALLOCW.
   847 | D:1      | 847 ||| DRINKING 2 yellow potions.
   848 | D:1      | 848 ||| DROPPING potion of degeneration.
  1016 | D:2      | Noticed Terence
  1029 | D:2      | Killed Terence
  1030 | D:2      | Reached XP level 4. HP: 23/28 MP: 4/4
  1055 | D:2      | 1055 ||| DROPPING +0 club.
  1103 | D:2      | 1103 ||| DROPPING +0 whip.
  1243 | D:2      | Reached skill level 4 in Axes
  1542 | D:2      | 1542 ||| UPGRADING to ring of see invisible.
  1543 | D:2      | 1543 ||| READING scroll labelled WIUSMU USOUDAU.
  1546 | D:2      | 1546 ||| DRINKING 2 white potions.
  1581 | D:3      | 1581 ||| Stepping ~*~*~tactically~*~*~ (hiding).
  1582 | D:3      | 1582 ||| Stepping ~*~*~tactically~*~*~ (hiding).
  1586 | D:3      | Reached XP level 5. HP: 24/32 MP: 5/5
  1590 | D:3      | HP: 1/32 [gnoll bouda/+0 club (9)]
  1591 | D:3      | Slain by a gnoll bouda

Levels and vault maps discovered:
D:1:      co_arrival_square_in_a_square_in_a_square, layout_basic,
          shapermc_ecumenical_altar_starsandcircs, serial_shops,
          nicolae_shop_rolling_square, grunt_decor_junction,
          corexii_hall_statues_s, minmay_lizard_pond
D:2:      layout_rooms, uniq_terence
D:3:      wad_pebble_path, layout_basic,
          nicolae_gozag_cash_rules_everything_around_me,
          chequers_serial_rivers_micro_a

Skill      XL: |  1  2  3  4 |
---------------+-------------+-----
Axes           | 2 3 4 |  4.6
Fighting       | |  3.2
Armour         | |  3.2
Shields        | |  3.2

Action                     |  1- 3 |  4- 6 || total
---------------------------+-------+-------++-------
  Melee: War axe           |    78 |    67 ||   145
    Use: Scroll            |     1 |     1 ||     2
         Potion            |     1 |     1 ||     2
 Armour: Scale mail        |    35 |    32 ||    67
  Dodge: Dodged            |    21 |    30 ||    51
  Block: Buckler           |    11 |    13 ||    24

Table legend:
 A = Non-vault XP
 B = Vault XP
 C = Vault XP percentage of total XP
 D = Non-vault monster count
 E = Vault monster count
 F = Vault count percentage of total count
                 A         B        C        D         E       F
            +---------+---------+-------+---------+---------+-------
      Total |     129 |      45 |  25.9 |      40 |      10 |  20.0
            +---------+---------+-------+---------+---------+-------
        D:1 |      37 |       9 |  19.6 |      23 |       9 |  28.1
        D:2 |      35 |      36 |  50.7 |      13 |       1 |   7.1
        D:3 |      57 |       0 |   0.0 |       4 |       0 |   0.0
            +---------+---------+-------+---------+---------+-------
